 Dungeon Crawl Stone Soup version 0.21-a0-143-g1ab7d47 (webtiles) character file.

2084 AverageBear the Ducker (level 9, -9/73 HPs)
             Began as a Deep Elf Fighter on July 26, 2017.
             Was an Initiate of Ashenzari.
             Mangled by a two-headed ogre
             ... wielding a +0 giant spiked club
              (19 damage)
             ... on level 8 of the Dungeon.
             The game lasted 00:08:23 (7110 turns).

AverageBear the Ducker (Deep Elf Fighter)           Turns: 7110, Time: 00:08:24

Health: -9/73      AC: 24    Str: 16    XL:     9   Next: 6%
Magic:  10/10      EV:  2    Int: 14    God:    Ashenzari [......]
Gold:   369        SH:  5    Dex: 14    Spells: 5/8 levels left

rFire    . . .     SeeInvis +   u - +1 dagger (venom)
rCold    . . .     Gourm    .   n - +0 buckler
rNeg     + + +     Faith    .   (armour currently unavailable)
rPois    +         Spirit   .   (helmet currently unavailable)
rElec    .         Reflect  .   (cloak currently unavailable)
rCorr    .         Harm     .   (gloves currently unavailable)
MR       .....     NoTele   +   (boots currently unavailable)
Stlth    +.........             (no amulet)
HPRegen  0.22/turn              l - ring of see invisible
MPRegen  0.12/turn              (no ring)

@: tree-form
A: low mp 1
a: Curse Item, Renounce Religion


You were on level 8 of the Dungeon.
You worshipped Ashenzari.
Ashenzari was noncommittal.
You were not hungry.
You were a tree.
You visited 2 branches of the dungeon, and saw 9 of its levels.

You collected 369 gold pieces.

Inventory:

Hand Weapons
 a - a +1 rapier
 b - a +0 dagger of pain
 u - a +1 dagger of venom (weapon)
 v - the +7 quarterstaff "Omosch" {antimagic, rN+ Str-3 Int+2 Dex+7}
   (You found it on level 4 of the Dungeon)

   It reduces the magical energy of the wielder, and disrupts the spells and
   magical abilities of those hit.
   Natural abilities and divine invocations are not affected.
   It affects your strength (-3).
   It affects your intelligence (+2).
   It affects your dexterity (+7).
   It protects you from negative energy.
Missiles
 C - 2 throwing nets (quivered)
Armour
 c - a +0 shield
 j - a cursed +1 pair of gloves (melded)
 n - a +0 buckler (worn)
 w - a +0 helmet (melded)
 B - a +0 helmet
 G - +0 acid dragon scales (melded)
Jewellery
 l - a ring of see invisible (left branch)
Wands
 t - a wand of lightning (7/15)
Scrolls
 d - 2 scrolls of torment {unknown}
 h - a scroll of magic mapping
 k - 6 scrolls of remove curse
 p - a scroll of blinking
 q - a scroll of enchant weapon
 y - 2 scrolls of teleportation
 z - 2 scrolls of amnesia
Potions
 o - 3 potions of curing
 A - 3 potions of magic
 D - a potion of cancellation
 I - a potion of experience {unknown}
 J - a potion of flight {unknown}
Books
 e - a book of Cantrips

   Spells                             Type                      Level
   a - Confusing Touch                Hexes                        1
   b - Animate Skeleton               Necromancy                   1
   c - Summon Small Mammal            Summoning                    1
   d - Apportation                    Translocation                1
 r - a book of Changes

   Spells                             Type                      Level
   a - Beastly Appendage              Transmutation                1
   b - Sticks to Snakes               Transmutation                2
   c - Spider Form                    Transmutation/Poison         3
   d - Ice Form                       Ice/Transmutation            4
   e - Blade Hands                    Transmutation                5
 E - a book of Maledictions

   Spells                             Type                      Level
   a - Corona                         Hexes                        1
   b - Ensorcelled Hibernation        Hexes/Ice                    2
   c - Confuse                        Hexes                        3
   d - Tukima's Dance                 Hexes                        3
   e - Dazzling Spray                 Conjuration/Hexes            3
Comestibles
 f - 4 bread rations
 g - 6 meat rations
 s - 2 royal jellies
 x - 11 fruits
 F - 2 chunks of flesh


   Skills:
 - Level 2.4 Fighting
 - Level 6.3 Short Blades
 - Level 7.0 Armour
 - Level 7.0 Dodging
 + Level 3.3 Shields


You had 5 spell levels left.
You knew the following spells:

 Your Spells              Type           Power        Failure   Level  Hunger
a - Confuse               Hex            #.......     67%         3    ####...


Dungeon Overview and Level Annotations

Branches:
Dungeon (8/15)             Temple (1/1) D:5
   Lair: D:8-11

Altars:
Ashenzari
Cheibriados
Dithmenos
Elyvilon
Fedhas
Gozag
Hepliaklqana
Kikubaaqudgha
Makhleb
Nemelex Xobeh
Qazlal
Ru
Uskayaw
Vehumet
Wu Jian
Yredelemnul
Zin
The Shining One

Shops:
D:3 *

Annotations:
D:6 1 runed door
D:7 2 transporters


Innate Abilities, Weirdness & Mutations

((You have large cloven feet.))
Your magical capacity is low. (-10% MP)


Message History

You feel much better.
The two-headed ogre hits you with a giant spiked club!
The two-headed ogre hits you but does no damage.
You feel much better.
The two-headed ogre hits you with a giant spiked club!
The two-headed ogre hits you but does no damage.
It was a potion of mutation.
You feel extremely strange.
You feel less energetic.
You feel your magical essence link to your wands.
Your magical essence is no longer linked to your wands.
Your feet thicken and deform.
The two-headed ogre hits you with a giant spiked club!
The two-headed ogre hits you with a giant spiked club!!
* * * LOW HITPOINT WARNING * * *
You hit the two-headed ogre.
The two-headed ogre is poisoned.
The two-headed ogre is lightly wounded.
You hit the two-headed ogre.
The two-headed ogre is lightly wounded.
The two-headed ogre hits you with a giant spiked club!!
You die...

#.................
#.................# ...
#.................# ...
#.......)>........# ....
#................# .....
#.....(..........# #.....
#................###....:.
##........................
##........♣O.......#...
##..#(.....................
##..###......<....##......##
###..##
###........#####....#
###.....## ##......## #....#
.........## ##..<.## ##...
..........# ##.### .#.
.......)..# ### .
...........#


You could see a two-headed ogre.

Vanquished Creatures
  Sigmund (D:4)
  A black bear (D:6)
  A necrophage (D:5)
  An ice beast (D:6)
  2 ogres
  2 phantoms
  2 centaurs
  A big kobold (D:7)
  Blork the orc (D:4)
  3 bullfrogs
  A wyvern skeleton (D:6)
  A scorpion (D:7)
  A howler monkey (D:5)
  A crimson imp (D:7)
  A centaur zombie (D:6)
  A quasit (D:8)
  3 hounds
  A human zombie (D:6)
  An iguana (D:7)
  2 orc wizards (D:4)
  3 worker ants
  A hound skeleton (D:4)
  7 gnolls
  A howler monkey skeleton (D:4)
  12 adders
  An ooze (D:3)
  2 worms
  4 dart slugs
  6 leopard geckos
  9 orcs
  2 ball pythons
  8 bats
  7 giant cockroaches
  4 goblins
  13 hobgoblins
  2 quokkas
  9 frilled lizards
  A jackal skeleton (D:6)
  17 kobolds
  A kobold skeleton (D:6)
  2 quokka skeletons
  8 rats
148 creatures vanquished.

Notes
Turn   | Place    | Note
-------+----------+-------------------------------------------
     0 | D:1      | AverageBear the Deep Elf Fighter began the quest for the Orb.
     0 | D:1      | Reached XP level 1. HP: 13/13 MP: 3/3
   171 | D:1      | Reached XP level 2. HP: 18/18 MP: 4/4
   531 | D:1      | Reached XP level 3. HP: 6/22 MP: 5/5
  1136 | D:2      | Found a stormy altar of Qazlal.
  1136 | D:2      | Found a blossoming altar of Fedhas.
  1602 | D:3      | Reached XP level 4. HP: 27/27 MP: 6/6
  1702 | D:3      | Found Zin's Purification Station.
  1703 | D:3      | Found a glowing silver altar of Zin.
  2249 | D:3      | Reached skill level 5 in Short Blades
  2402 | D:4      | Noticed Sigmund
  2414 | D:4      | Killed Sigmund
  2414 | D:4      | Reached XP level 5. HP: 31/31 MP: 7/7
  2414 | D:4      | Reached XP level 6. HP: 36/36 MP: 8/8
  2427 | D:4      | Reached skill level 1 in Dodging
  3156 | D:4      | Got a polished quarterstaff
  3313 | D:4      | Noticed Blork the orc
  3335 | D:4      | Killed Blork the orc
  3335 | D:4      | Reached XP level 7. HP: 18/40 MP: 9/9
  3671 | D:4      | Reached skill level 5 in Dodging
  3793 | D:5      | Entered Level 5 of the Dungeon
  3821 | D:5      | Found an ornate altar of the Wu Jian Council.
  4673 | D:5      | Found a staircase to the Ecumenical Temple.
  4707 | Temple   | Entered the Ecumenical Temple
  4933 | Temple   | Became a worshipper of Ashenzari the Shackled
  5183 | D:6      | Found a runed door.
  5183 | D:6      | Noticed a human
  5190 | D:6      | Found a basalt altar of Yredelemnul.
  5428 | D:6      | Learned a level 3 spell: Confuse
  5593 | D:6      | Reached XP level 8. HP: 27/45 MP: 10/10
  5981 | D:6      | Reached skill level 5 in Armour
  6240 | D:7      | Found a transporter.
  6244 | D:7      | Found a transporter.
  6313 | D:7      | Noticed a kobold demonologist
  6714 | D:7      | Reached XP level 9. HP: 26/49 MP: 11/11
  7092 | D:8      | Noticed a two-headed ogre
  7108 | D:8      | Gained mutation: Your magical capacity is low. (-10% MP) [potion of mutation]
  7108 | D:8      | Gained mutation: You expend magic power (3 MP) to strengthen your wands. [potion of mutation]
  7108 | D:8      | Lost mutation: You expend magic power (3 MP) to strengthen your wands. [potion of mutation]
  7108 | D:8      | Gained mutation: You have large cloven feet. [potion of mutation]
  7110 | D:8      | Mangled by a two-headed ogre

Vault maps used:
D:1:      saegor_arrival_simple_b, minmay_octomino_j4
D:2:      grunt_temple_overflow_forces_of_nature, first_bread
D:3:      zin_purify, minivault_19
D:4:      kennysheep_generic_room_16, uniq_sigmund, uniq_blork_the_orc
D:5:      lemuel_ice_spiral_2, overflow_temple_1_default,
          minmay_temple_entry_nine_rooms
D:6:      dk_yredelemnul_ordeal
D:7:      gammafunk_wand_slinger
D:8:      overflow_temple_1_default
Temple:   minmay_temple_curvy_branch

Skill      XL: |  1  2  3  4  5  6  7  8  9 |
---------------+----------------------------+-----
Short Blades   | 3 4 6 |  6.3
Dodging        | 4 7 |  7.0
Armour         | 3 7 |  7.0
Shields        | 3 |  3.3
Fighting       | |  2.4

Action                   |  1- 3 |  4- 6 |  7- 9 || total
-------------------------+-------+-------+-------++-------
Melee: Rapier            |   154 |    35 |    70 ||   259
       Dagger            |       |   157 |   331 ||   488
Invok: Curse Item        |       |       |     1 ||     1
  Use: Potion            |     2 |     3 |     7 ||    12
       Scroll            |     1 |     2 |    14 ||    17
  Eat: Chunk             |     2 |     6 |    10 ||    18
       Royal jelly       |       |       |     1 ||     1
Armor: Scale mail        |    65 |    63 |    18 ||   146
       Acid dragon scale |       |       |    77 ||    77
       Skin              |       |       |     2 ||     2
Dodge: Dodged            |    37 |    73 |   213 ||   323
Block: Shield            |    82 |    21 |       ||   103
       Buckler           |       |    20 |    66 ||    86
